 Dungeon Crawl Stone Soup version 0.20.0-15-g7f486f2 (webtiles) character file.

111 NoAnimeNoLife the Twirler (level 4, -2/37 HPs)
             Began as a Minotaur Gladiator on June 13, 2017.
             Killed by nerve-wracking pain
             ... invoked by an orc priest
              (4 damage)
             ... on level 3 of the Dungeon.
             The game lasted 00:04:57 (2874 turns).

NoAnimeNoLife the Twirler (Minotaur Gladiator)      Turns: 2874, Time: 00:04:57

Health: -2/37      AC:  3    Str: 19    XL:     4   Next: 62%
Magic:  3/3        EV: 17    Int:  5    God:
Gold:   128        SH:  0    Dex: 12    Spells: 3/3 levels left

rFire    . . .     SeeInvis .   a - +0 quarterstaff
rCold    . . .     Gourm    .   (shield currently unavailable)
rNeg     . . .     Faith    .   b - +0 leather armour
rPois    .         Spirit   .   (helmet restricted)
rElec    .         Reflect  .   (no cloak)
rCorr    .         Harm     .   (no gloves)
MR       .....                  (no boots)
Stlth    +.........             (no amulet)
Regen    0.2/turn               o - +4 ring of evasion
MPRegen  0.1/turn               (no ring)

@: no status effects
A: retaliatory headbutt, horns 2
a: no special abilities


You were on level 3 of the Dungeon.
You were not hungry.

You visited 1 branch of the dungeon, and saw 3 of its levels.

You collected 128 gold pieces.

Inventory:

Hand Weapons
 a - a +0 quarterstaff (weapon)
Missiles
 d - a throwing net (quivered)
Armour
 b - a +0 leather armour (worn)
 c - a +0 hat
Jewellery
 o - a +4 ring of evasion (left hand)
 q - an uncursed ring of ice {unknown}
Wands
 j - a wand of digging (10/24)
Scrolls
 e - 4 scrolls of teleportation {unknown}
 h - 2 scrolls of identify {unknown}
 k - a scroll of enchant weapon {unknown}
 m - a scroll of immolation {unknown}
 p - 3 scrolls of remove curse {unknown}
 r - a scroll of recharging {unknown}
 s - a scroll of blinking {unknown}
Potions
 n - a potion of brilliance {unknown}
Comestibles
 f - 4 bread rations
 g - 2 meat rations
 i - a fruit
 l - a royal jelly


   Skills:
 - Level 2.4 Fighting
 + Level 6.5 Staves
 - Level 2.0 Throwing
 - Level 0.2 Armour
 - Level 3.2 Dodging


You had 3 spell levels left.
You didn't know any spells.

Dungeon Overview and Level Annotations

Branches:
Dungeon (3/15)

Altars:
Dithmenos

Annotations:
D:3 Jessica; Terandir's ghost, amateur DEEE


Innate Abilities, Weirdness & Mutations

You reflexively headbutt those who attack you in melee.
You have a pair of horns on your head.


Message History

Jessica blinks!
The orc priest mumbles some strange prayers to Beogh against you.
Pain shoots through your body!
Throwing (i - inventory):
d - 2 throwing nets (quivered)
Press: ? - help, Shift-Dir - straight line, f/p - Jessica
Aim: Jessica, wearing a robe (lightly wounded)
You throw a throwing net.
The throwing net closely misses Jessica.
You closely miss Jessica.
Jessica is lightly wounded.
Jessica points at you and mumbles some strange words.
Pain shoots through your body!
* * * LOW HITPOINT WARNING * * *
Jessica points at you and mumbles some strange words.
Pain shoots through your body!
* * * LOW HITPOINT WARNING * * *
There is a stone staircase leading up here.
The orc priest calls down the wrath of Beogh upon you.
Pain shoots through your body!
You die...

#........#.#..# #.... ....#
..............## #..####...#
............#..###(##.<รท...#
.............)........#....#
)#....................#.#.##
.#......................#.#
##.......................(.
#.##...........)..@.........
#...............@..o.........
...#..........................
#..........................
#..........................
#..........................
...........##..............
..........###..............
##........# #.............>
.........# ##.........#.##


You could see an orc priest and Jessica.

Vanquished Creatures
  Terence (D:2)
  An adder (D:2)
  3 worms (D:2)
  A dart slug (D:1)
  6 orcs
  2 ball pythons
  3 giant cockroaches
  8 goblins
  11 hobgoblins
  8 bats
  4 frilled lizards
  6 kobolds
  3 rats
57 creatures vanquished.

Notes
Turn   | Place    | Note
-------+----------+-------------------------------------------
     0 | D:1      | NoAnimeNoLife the Minotaur Gladiator began the quest for the Orb.
     0 | D:1      | Reached XP level 1. HP: 18/18 MP: 0/0
   131 | D:1      | Reached skill level 4 in Staves
   159 | D:1      | Reached XP level 2. HP: 22/25 MP: 1/1
  1197 | D:2      | Reached skill level 5 in Staves
  1197 | D:2      | Reached XP level 3. HP: 18/30 MP: 2/2
  1558 | D:2      | Noticed Terence
  1560 | D:2      | Found a shadowy altar of Dithmenos.
  1589 | D:2      | Killed Terence
  1589 | D:2      | Reached skill level 6 in Staves
  1589 | D:2      | Reached XP level 4. HP: 24/37 MP: 3/3
  2216 | D:3      | Noticed Jessica
  2216 | D:3      | Noticed Terandir's ghost (amateur DEEE)
  2228 | D:3      | HP: 1/37 [Terandir's ghost/blast of sand (6)]
  2874 | D:3      | Killed from afar by an orc priest

Skill      XL: |  1  2  3 |
---------------+----------+-----
Staves         | 4 5 6 |  6.5
Fighting       | |  2.4
Throwing       | |  2.0
Armour         | |  0.2
Dodging        | |  3.2

Action                   |  1- 3 |  4- 6 || total
-------------------------+-------+-------++-------
Melee: Quarterstaff      |    76 |    36 ||   112
       Headbutt          |     8 |     4 ||    12
Throw: Throwing net      |       |     2 ||     2
  Use: Potion            |     2 |       ||     2
  Eat: Chunk             |     2 |     4 ||     6
Armor: Leather armour    |    20 |     3 ||    23
Dodge: Dodged            |    54 |    34 ||    88
